 Dungeon Sprint DCSS version 0.21.1-1-g345015f (webtiles) character file.

2284 Fang the Severer (level 9, 0/95 HPs)
             Began as a Minotaur Berserker on May 29, 2018.
             Was a High Priest of Trog.
             Slain by an unseen horror (4 damage)
             ... in the Dungeon (Sprint IX: "|||||||||||||||||||||||||||||").
             The game lasted 00:01:45 (1003 turns).

Fang the Severer (Minotaur Berserker)               Turns: 1003, Time: 00:01:45

Health: 0/95       AC:  2    Str: 24    XL:     9   Next: 17%
Magic:  8/8        EV: 18    Int:  7    God:    Trog [*****.]
Gold:   0          SH:  0    Dex: 11    Spells: 8/8 levels left

rFire    . . .     SeeInvis .   m - +1 broad axe (freeze)
rCold    . . .     Gourm    .   (no shield)
rNeg     . . .     Faith    .   b - +0 animal skin
rPois    .         Spirit   .   (helmet restricted)
rElec    .         Reflect  .   (no cloak)
rCorr    .         Harm     .   (no gloves)
MR       .....     NoTele   +   (no boots)
Stlth    ++........             (no amulet)
HPRegen  0.25/turn              n - +2 ring of evasion
MPRegen  0.11/turn              o - +3 ring of intelligence

@: lethally poisoned (0 -> -10), berserk cooldown, slowed, very slow
A: retaliatory headbutt, horns 2
a: Berserk, Trog's Hand, Brothers in Arms, Burn Spellbooks, Renounce Religion


You were in the Dungeon.
You worshipped Trog.
Trog was extremely pleased with you.
You were very hungry.

You visited 1 branch

Inventory:

Hand Weapons
 a - a +0 hand axe
 m - a +1 broad axe of freezing (weapon)
Armour
 b - a +0 animal skin (worn)
Jewellery
 n - a +2 ring of evasion (left hand)
 o - a +3 ring of intelligence (right hand)
Wands
 l - a wand of iceblast (10)
Scrolls
 i - 2 scrolls of blinking
 k - 3 scrolls of remove curse
Potions
 d - 2 potions of curing
 e - 2 potions of heal wounds
 f - a potion of haste
 g - 4 potions of magic
 h - a potion of berserk rage
 j - a potion of invisibility
Comestibles
 c - a ration


   Skills:
 + Level 14.2 Fighting
 + Level 15.6 Axes
 + Level 7.8 Armour
 + Level 9.0 Dodging
 + Level 2.8 Stealth


You had 8 spell levels left.
You didn't know any spells.

Dungeon Overview and Level Annotations

Branches:
Dungeon (1/1)

Altars:
Cheibriados
Dithmenos
Elyvilon
Fedhas
Gozag
Hepliaklqana
Kikubaaqudgha
Makhleb
Nemelex Xobeh
Okawaru
Qazlal
Ru
Sif Muna
Trog
Uskayaw
Vehumet
Wu Jian
Xom
Yredelemnul
Zin
The Shining One
Beogh
Jiyva
Lugonu


Innate Abilities, Weirdness & Mutations

You reflexively headbutt those who attack you in melee.
You have a pair of horns on your head.


Message History

You feel yourself slow down.
You feel sick.
Unknown command.
No target in view!
Unknown command.
No target in view!
Deactivating autopickup; reactivate with Ctrl-A.
You barely miss something.
You feel sick. Something hits you! Something hits you.
You miss something.
You feel sick. Something hits you!
You feel very sick. Something hits you. Something completely misses you.
Something hits you! x2
* * * LOW HITPOINT WARNING * * *
You hit something. You freeze something. Your headbutt misses something.
You feel sick. Something hits you but does no damage. Something hits you!
* * * LOW HITPOINT WARNING * * *
* * * LOW HITPOINT WARNING * * *
You feel sick. Something hits you.
* * * LOW HITPOINT WARNING * * *
Something hits you.
You die...

▓.▓
▓.▓
▓.▓
▓'▓
▓)▓
▓†▓
▓†▓
▓.▓
▓@▓
▓{▓
▓+▓


There were no monsters in sight!

Vanquished Creatures
  2 two-headed ogres (D)
  An ugly thing (D)
  A gargoyle (D)
  A sky beast (D)
  A black bear (D)
  2 hounds (D)
  2 worker ants (D)
  An orc wizard (D)
  A gnoll (D)
  A shadow imp (D)
  A worm (D)
  A ball python (D)
  A goblin (D)
  2 kobolds (D)
  A quokka (D)
  A giant cockroach zombie (D)
  A rat (D)
21 creatures vanquished.

Notes
Turn   | Place    | Note
-------+----------+-------------------------------------------
     0 | D        | Fang the Minotaur Berserker began the quest for the Orb.
     0 | D        | Reached XP level 1. HP: 19/19 MP: 0/0
     4 | D        | Reached skill level 4 in Axes
    12 | D        | Reached ** piety under Trog
   177 | D        | Noticed a sky beast
   182 | D        | Reached *** piety under Trog
   182 | D        | Reached skill level 5 in Fighting
   182 | D        | Reached skill level 5 in Axes
   182 | D        | Reached XP level 2. HP: 29/29 MP: 1/1
   193 | D        | Killed a sky beast
   193 | D        | Reached skill level 8 in Axes
   193 | D        | Reached XP level 3. HP: 7/39 MP: 2/2
   193 | D        | Reached XP level 4. HP: 9/47 MP: 3/3
   564 | D        | Found a roughly hewn altar of Beogh.
   564 | D        | Found a snail-covered altar of Cheibriados.
   564 | D        | Found a shadowy altar of Dithmenos.
   564 | D        | Found a white marble altar of Elyvilon.
   564 | D        | Found a blossoming altar of Fedhas.
   564 | D        | Found an opulent altar of Gozag.
   565 | D        | Found a hazy altar of Hepliaklqana.
   566 | D        | Found a viscous altar of Jiyva.
   567 | D        | Found an ancient bone altar of Kikubaaqudgha.
   568 | D        | Found a corrupted altar of Lugonu.
   569 | D        | Found a burning altar of Makhleb.
   570 | D        | Found a sparkling altar of Nemelex Xobeh.
   571 | D        | Found an iron altar of Okawaru.
   572 | D        | Found a stormy altar of Qazlal.
   573 | D        | Found a sacrificial altar of Ru.
   574 | D        | Found a deep blue altar of Sif Muna.
   575 | D        | Found a bloodstained altar of Trog.
   576 | D        | Found a hide-covered altar of Uskayaw.
   577 | D        | Found a radiant altar of Vehumet.
   578 | D        | Found an ornate altar of the Wu Jian Council.
   579 | D        | Found a shimmering altar of Xom.
   580 | D        | Found a basalt altar of Yredelemnul.
   581 | D        | Found a glowing silver altar of Zin.
   582 | D        | Found a glowing golden altar of the Shining One.
   612 | D        | Noticed a two-headed ogre
   612 | D        | Noticed a two-headed ogre
   612 | D        | Noticed a gargoyle
   615 | D        | Reached **** piety under Trog
   615 | D        | Reached XP level 5. HP: 53/53 MP: 4/4
   619 | D        | Killed a two-headed ogre
   619 | D        | Reached skill level 12 in Axes
   619 | D        | Reached skill level 1 in Stealth
   619 | D        | Reached XP level 6. HP: 70/70 MP: 5/5
   619 | D        | Reached XP level 7. HP: 75/75 MP: 6/6
   622 | D        | Killed a two-headed ogre
   622 | D        | Reached skill level 14 in Axes
   622 | D        | Reached XP level 8. HP: 86/86 MP: 7/7
   635 | D        | HP: 3/86 [gargoyle/flail (7)]
   636 | D        | Killed a gargoyle
   636 | D        | Reached ***** piety under Trog
   979 | D        | Noticed a green ugly thing
   990 | D        | Killed a green ugly thing
   990 | D        | Received a gift from Trog
   990 | D        | Reached skill level 15 in Axes
   990 | D        | Reached XP level 9. HP: 95/95 MP: 8/8
  1003 | D        | HP: 4/95 [something (3)]
  1003 | D        | Slain by an unseen horror

Skill      XL: |  1  2  3  4  5  6  7  8  9 |
---------------+----------------------------+-----
Fighting       | 5 7 8 11 13 14 | 14.2
Axes           | 5 8 12 14 15 | 15.6
Armour         | 3 4 6 7 |  7.8
Dodging        | 3 4 7 8 9 |  9.0
Stealth        | 1 2 |  2.8

Action                   |  1- 3 |  4- 6 |  7- 9 || total
-------------------------+-------+-------+-------++-------
Melee: Hand axe          |    27 |       |       ||    27
       Headbutt          |     1 |     2 |     5 ||     8
       Broad axe         |       |     5 |    31 ||    36
Invok: Berserk           |     1 |     1 |     1 ||     3
  Use: Potion            |       |       |     4 ||     4
  Eat: Chunk             |       |       |     2 ||     2
Armor: Animal skin       |     2 |       |     3 ||     5
Dodge: Dodged            |    11 |     4 |    17 ||    32
